 Dungeon Crawl Stone Soup version 0.28.0-53-g5a82cb258f (webtiles) character file.

Game seed: 7615032631073804362

63 issech the Skirmisher (level 3, -1/33 HPs)
             Began as a Minotaur Monk on June 8, 2022.
             Succumbed to a goblin's poison
             ... on level 2 of the Dungeon.
             The game lasted 00:03:45 (2145 turns).

issech the Skirmisher (Minotaur Monk)               Turns: 2145, Time: 00:03:46

Health: -1/33      AC:  6    Str: 15    XL:     3   Next: 87%
Magic:  1/1        EV: 10    Int:  7    God:
Gold:   38         SH:  0    Dex: 14    Spells: 2/2 levels left

rFire   . . .      SeeInvis .   a - +0 hand axe
rCold   + . .      Faith    .   (no shield)
rNeg    . . .      Spirit   .   n - +0 scale mail
rPois   .          Reflect  .   (helmet restricted)
rElec   .          Harm     .   (no cloak)
rCorr   .          Rampage  .   (no gloves)
Will    .....                   (no boots)
Stlth   +.........              (no amulet)
HPRegen 0.11/turn               (no ring)
MPRegen 0.07/turn               (no ring)

@: mighty, lethally poisoned (-1 -> -11)
A: horns 2, retaliatory headbutt, cold resistance 1, low MP 1
a: no special abilities


You were on level 2 of the Dungeon.
You visited 1 branch of the dungeon, and saw 2 of its levels.

You collected 38 gold pieces.

Inventory:

Hand Weapons
 a - a +0 hand axe (weapon)
 t - a +0 hunting sling
Missiles
 b - 13 arrows
 l - 5 poisoned darts (quivered)
 m - 5 javelins
 s - 16 stones
Armour
 n - a +0 scale mail (worn)
Scrolls
 d - a scroll of identify {unknown}
 f - a scroll of noise {unknown}
 h - a scroll of teleportation {unknown}
 k - a scroll of immolation {unknown}
 o - a scroll of magic mapping {unknown}
 p - a scroll of brand weapon {unknown}
Potions
 i - a potion of degeneration {unknown}
 j - a potion of ambrosia {unknown}
 q - a potion of brilliance {unknown}
 r - a potion of heal wounds {unknown}


   Skills:
 + Level 4.3 Fighting
 + Level 4.3 Axes
 + Level 0.3 Armour
 + Level 3.6 Dodging
 + Level 2.4 Stealth


You had 2 spell levels left.
You didn't know any spells.
Your spell library contained the following spells:

 Spells                   Type           Power      Damage    Failure   Level
 Ozocubu's Armour         Ice            0%         N/A       99%         3
 Ozocubu's Refrigeration  Ice            0%         4d5       100%        7


Dungeon Overview and Level Annotations

Branches:
Dungeon (2/15)

Altars:


Innate Abilities, Weirdness & Mutations

You have a pair of horns on your head.
You reflexively headbutt those who attack you in melee.
Your flesh is cold resistant. (rC+)
Your magical capacity is low. (-10% MP)


Message History

The adder is severely wounded.
You hit the goblin but do no damage. The adder bites you.
You are poisoned.
The adder poisons you! The goblin hits you but does no damage.
You are more poisoned.
You closely miss the adder.
The adder is severely wounded.
You hit the goblin.
You feel very sick. The adder bites you.
You are more poisoned.
The adder poisons you!
The goblin hits you with a +2 dagger of venom.
You closely miss the adder.
The adder is severely wounded.
You completely miss the goblin.
You feel very sick. The adder barely misses you. You furiously retaliate!
You headbutt the adder, but do no damage.
The goblin hits you with a +2 dagger of venom.
You are more poisoned.
The adder barely misses you. You furiously retaliate!
You headbutt the adder. You hit the adder.
You kill the adder!
You hit the goblin.
You kill the goblin!
* * * LOW HITPOINT WARNING * * *
You feel very sick.
There is a lethal amount of poison in your body!
Unknown command.
It was a potion of mutation.
You feel extremely strange.
You feel less energetic.
You feel resistant to cold.
* * * LOW HITPOINT WARNING * * *
You feel very sick.
It was a potion of might.
You feel very mighty all of a sudden.
* * * LOW HITPOINT WARNING * * *
You feel very sick.
It was a potion of magic.
Magic courses through your body.
You die...

######
.....######### ##
####.......... #..
###.###### .. #..#
#. #..# #.#
#####..### ######
..#..
...##....#####..@.#
..##.
...##.##.......#†)#
#.##.
...##.###......#..#
#.##.
...##.##.......#..#
#.##.
......##.......##.#
####....
...#..##........#..
#.....#.
...#..##........#..#
#.......
#####...........#..#
#..#..#.##.
#.....<........#
#.....>.###


There were no monsters in sight!

Vanquished Creatures
  3 adders (D:2)
  4 bats
  7 endoplasms
  2 hobgoblins (D:1)
  A quokka (D:1)
  7 ball pythons
  2 frilled lizards
  4 goblins
  A kobold (D:1)
  5 rats
36 creatures vanquished.

Notes
Turn   | Place    | Note
-------+----------+-------------------------------------------
     0 | D:1      | issech the Minotaur Monk began the quest for the Orb.
     0 | D:1      | Reached XP level 1. HP: 19/19 MP: 0/0
   479 | D:1      | Reached XP level 2. HP: 27/27 MP: 1/1
   858 | D:1      | Found a faded altar of an unknown god.
  1517 | D:2      | Reached XP level 3. HP: 26/33 MP: 2/2
  2143 | D:2      | Gained mutation: Your magical capacity is low. (-10% MP)
                  | [potion of mutation]
  2143 | D:2      | Gained mutation: Your flesh is cold resistant. (rC+)
                  | [potion of mutation]
  2144 | D:2      | HP: 1/33 [poisoned by a goblin]
  2145 | D:2      | Succumbed to a goblin's poison

Illustrated notes

Levels and vault maps discovered:
D:1:      matt_arrival_spirals, layout_basic, basic_ecumenical_altar
D:2:      minmay_angry_zag, layout_rooms, st_stairs_14, kennysheep_pointless_box

Skill      XL: |  1  2 |
---------------+-------+-----
Fighting       | 4 |  4.3
Axes           | 4 |  4.3
Stealth        | 2 |  2.4
Armour         | |  0.3
Dodging        | |  3.6

Action                   || total
-------------------------++-------
Melee: Hand axe          ||    76
       Punch             ||     3
       Headbutt          ||     7
  Use: Potion            ||     3
 Stab: Sleeping          ||     5
Armor: Robe              ||     9
       Scale mail        ||    14
Dodge: Dodged            ||    42
